 Dungeon Crawl Stone Soup version 0.18.1-5-g4a78601 (webtiles) character file.

119768 golgol the Carver (level 16, -16/155 HPs)
             Began as a Hill Orc Fighter on May 4, 2016.
             Was the Champion of Beogh.
             Demolished by a titanic slime creature (79 damage)
             ... summoned by a vampire mage
             ... on level 1 of the Depths on May 9, 2016.
             The game lasted 03:04:40 (26677 turns).

golgol the Carver (Hill Orc Fighter)               Turns: 26677, Time: 03:04:40

Health: -16/155    AC: 25    Str: 23    XL:     16   Next: 80%
Magic:  22/22      EV: 22    Int:  6    God:    Beogh [******]
Gold:   1007       SH: 15    Dex: 23    Spells: 0 memorised, 15 levels left

rFire  . . .     SeeInvis .     G - +9 long sword of Noon {elec, rPois Stlth+}
rCold  . . .     Gourm    .     u - +0 ring mail of Ytonyuj {rN+ Dex+6}
rNeg   + . .     Faith    +     c - +0 shield
rPois  +         Spirit   .     W - +5 hat of the Furies {+Inv Regen+ Dex+3}
rElec  .         Dismiss  .     Q - +2 cloak
rCorr  .         Reflect  .     (no gloves)
SustAt .         Harm     .     x - +2 pair of boots
MR     +....     Clarity  +     I - amulet of faith
Stlth  ++++......               z - +3 ring of evasion
                                k - +1 ring of slaying

@: very slightly contaminated, hasted, very quick, somewhat resistant to hostile
enchantments, stealthy
A: walk on water, horns 1, rough black scales 1, camouflage 1, berserk 1,
clarity, robust 1
a: Smiting, Recall Orcish Followers, Give Item to Named Follower, Resurrection,
Renounce Religion, Evoke Invisibility


You were on level 1 of the Depths.
You worshipped Beogh.
Beogh was exalted by your worship.
You were not hungry.

You visited 6 branches of the dungeon, and saw 25 of its levels.
You also visited: Ossuary and Bailey.

You collected 3229 gold pieces.
You spent 2124 gold pieces at shops.

Inventory:

Hand Weapons
 j - a +1 great sword of flaming
 p - a +1 war axe of electrocution
 q - a +5 spear of freezing
 G - the +9 long sword of Noon (weapon) {elec, rPois Stlth+}
   (You found it on level 2 of the Lair of Beasts)

   Occasionally, upon striking a foe, it will discharge some electrical energy
   and cause terrible harm.
   It protects you from poison.
   It makes you more stealthy.
 J - the +1 great sword "Tuttiub" {freeze, rPois}
   (You took it off a gnoll shaman in a bailey)

   It has been specially enchanted to freeze those struck by it, causing extra
   injury to most foes and up to half again as much damage against particularly
   susceptible opponents.
   It can also slow down cold-blooded creatures.
   It protects you from poison.
 P - a +2 morningstar of draining
 U - a +1 scimitar of flaming
 V - a +2 war axe of flaming
Armour
 c - a +0 shield (worn)
 u - the +0 ring mail of Ytonyuj (worn) {rN+ Dex+6}
   (You found it on level 12 of the Dungeon)

   It affects your dexterity (+6).
   It protects you from negative energy.
 x - a +2 pair of boots (worn)
 Q - a +2 cloak (worn)
 W - the +5 hat of the Furies (worn) {+Inv Regen+ Dex+3}
   (You acquired it on level 2 of the Orcish Mines)

   It affects your dexterity (+3).
   It lets you turn invisible.
   It increases your rate of regeneration.
Jewellery
 k - a +1 ring of slaying (left hand)
 m - an uncursed ring of positive energy
 z - a +3 ring of evasion (right hand)
 I - an amulet of faith (around neck)
 T - an uncursed ring of protection from magic
Wands
 a - a wand of slowing (15/48)
 e - a wand of polymorph (20/24)
 r - a wand of digging (16/24)
 v - a wand of disintegration (19/24)
 B - a wand of iceblast (12/15)
 N - a wand of acid (6/15)
 O - a wand of flame (20/48)
 S - a wand of hasting (6/9)
 X - a wand of lightning (11/15)
 Z - a wand of flame (6/48)
Scrolls
 g - 2 scrolls of enchant armour
 h - a scroll of fear
 n - 10 scrolls of remove curse
 o - 2 scrolls of immolation
 t - 4 scrolls of noise
 y - 9 scrolls of teleportation
 E - 2 scrolls of fog
 K - 9 scrolls of identify
 M - a scroll of recharging
 Y - a scroll of blinking
Potions
 b - 4 potions of ambrosia
 i - 3 potions of haste
 l - 4 potions of resistance
 s - 7 potions of curing
 C - 5 potions of invisibility
 F - a potion of magic
 L - a potion of heal wounds
 R - 2 potions of might
Books
 d - a book of Party Tricks

   Spells                             Type                      Level
   a - Summon Butterflies             Summoning                    1
   b - Apportation                    Translocation                1
   c - Tukima's Dance                 Hexes                        3
   d - Alistair's Intoxication        Transmutation/Poison         5
   e - Invisibility                   Hexes                        6
Miscellaneous
 w - a phial of floods
 A - a plain deck of defence
 D - a sack of spiders
 H - a fan of gales
Comestibles
 f - 8 bread rations


   Skills:
 + Level 12.6 Fighting
 + Level 14.1 Long Blades
 - Level 7.3(8.0) Axes
 - Level 4.0(5.6) Polearms
 - Level 1.0 Throwing
 + Level 12.8 Armour
 + Level 9.1 Dodging
 - Level 2.4 Stealth
 + Level 12.6 Shields
 * Level 9.3 Invocations
 * Level 8.7 Evocations


You had 15 spell levels left.
You didn't know any spells.

Dungeon Overview and Level Annotations

Branches:
Dungeon (15/15)            Temple (0/1) D:4            Lair (4/8) D:8
 Shoals (1/4) Lair:3       Spider (2/4) Lair:4          Orc (2/2) D:12
    Elf (0/3) Orc:2        Vaults (0/5) D:13         Depths (1/5) D:15

Altars:
Cheibriados
Dithmenos
Elyvilon
Makhleb
Nemelex Xobeh
Qazlal
Sif Muna
Trog
Vehumet
Beogh

Shops:
D:6 }   D:8 }   D:15 :   Orc:2 ?[([*   Shoals:1 !

Portals:
Hell: Depths:1

Annotations:
Lair:2 exclusion: oklob plant


Innate Abilities, Weirdness & Mutations

You can walk on water.
You have a pair of small horns on your head.
You are partially covered in rough black scales (AC +4, Dex -1).
Your skin changes colour to match your surroundings (Stealth).
You tend to lose your temper in combat.
You possess an exceptional clarity of mind.
You are robust (+10% HP).


Message History

Jorge burns the titanic slime creature.
Urug hits the titanic slime creature from afar with a halberd of venom!
The titanic slime creature hits you but does no damage.
You hear some strange, mumbled words.
A bolt of negative energy appears from out of thin air!
The bolt of negative energy misses you.
The bolt of negative energy misses Jorge.
The bolt of negative energy hits your orc.
Your orc is drained!
Your orc dies!
You slice the titanic slime creature!!
The titanic slime creature is severely wounded.
Your orc knight hits the slime creature with a long sword!!
The slime creature closely misses your orc knight.
The slime creature hits your orc knight.
You slice the titanic slime creature!!
The titanic slime creature is severely wounded.
The titanic slime creature hits you!!!!
Ouch! That really hurt!
You die...

#...#.............##o.o......
.
##..........o.....##.o.......
.
...........oo...............
.
##................##########
. #................# .
#...........†o.o..# .
##..........ooooo##### .
#.........†oooooJ...# .
............)oJ@{J...# .
..............J###...'. .
..............J.# .⌠.'. #
....................+. #
...................# #
..................# #
.#............#### #
............#


You could see a titanic slime creature, 4 slime creatures, the friendly Brandogh
the orc warlord, 3 friendly orc knights, the friendly Boruk the orc knight, the
friendly Horkud the orc knight, the friendly Ogrik the orc knight, the friendly
Worak the orc knight, the friendly Urug, 2 friendly orc warriors, the friendly
Jorge the orc priest, 2 friendly orc wizards and 2 friendly orcs.

Vanquished Creatures
  Frances (Shoals:1)
  A frost giant (Depths:1)
  A fire giant (D:15)
  A very ugly thing (Depths:1)
  Azrael (D:12)
  Josephine (Lair:4)
  A great orb of eyes (Depths:1)
  Fannar (D:10)
  A hydra (Lair:2)
  An ice dragon (Depths:1)
  Erolcha (D:10)
  A centaur warrior (D:14)
  A catoblepas (D:14)
  Erica (D:11)
  2 ogre magi
  The ghost of UndeadYoungAthlete the Spear-Bearer, a novice MfSk of Okawaru (Lair:1)
  A deep troll earth mage (Depths:1)
  8 death yaks (Lair:3)
  A deep elf knight (D:13)
  A deep troll (Depths:1)
  3 sea snakes (Shoals:1)
  Pikel (D:5)
  A necromancer (Depths:1)
  7 hill giants
  2 deep elf magi
  A griffon (Shoals:1)
  A wolf spider (Spider:2)
  An orc sorcerer (Orc:2)
  3 cyclopes
  3 ugly things
  A black mamba (Lair:1)
  A guardian serpent (shapeshifter) (Depths:1)
  2 sirens (Shoals:1)
  A water nymph (Shoals:1)
  3 spiny frogs
  A redback zombie (D:12)
  A rime drake (Lair:3)
  3 komodo dragons
  A freezing wraith (D:13)
  Grinder (D:3)
  5 merfolk (Shoals:1)
  Prince Ribbit (D:5)
  7 jumping spiders
  A slime creature (Depths:1)
  A boulder beetle (Spider:1)
  8 blink frogs (Lair:2)
  2 snapping turtles
  A wyvern (D:12)
  11 redbacks
  A vampire (D:12)
  A shadow (D:12)
  2 water elementals (Shoals:1)
  5 tarantellas (Spider:1)
  A wraith (Lair:4)
  5 fire elementals (D:12)
  A basilisk (Lair:1)
  13 yaks
  2 ice beasts
  5 hippogriffs
  A warg (Orc:2)
  Menkaure (D:5)
  2 hungry ghosts
  A mottled dragon (D:13)
  Duvessa (D:4)
  3 porcupines
  5 water moccasins
  A swamp drake (Orc:2)
  7 sky beasts
  A slave (D:5)
  6 orc warriors
  A necrophage (D:13)
  7 ogres
  An ettin simulacrum (Depths:1)
  9 centaurs
  9 crocodiles
  4 big kobolds
  5 gnoll sergeants
  16 giant frogs
  A water moccasin zombie (D:10)
  A wyvern zombie (D:8)
  A wyvern skeleton (D:13)
  A water moccasin skeleton (D:8)
  Dowan (D:4)
  3 scorpions
  5 killer bees (D:12)
  8 wights
  2 howler monkeys
  7 crimson imps
  2 quasits
  The ghost of oldnick the Magician, a weakling DEWz (D:3)
  7 orc priests
  3 centaur zombies
  An iron imp (Depths:1)
  4 gnoll shamans (Bailey)
  3 jellies
  A giant frog zombie (D:7)
  4 hounds
  7 orc wizards
  Crazy Yiuf (D:3)
  3 giant frog skeletons
  4 iguanas
  Natasha (D:4)
  9 worker ants
  8 sheep
  6 big kobold zombies (Ossuary)
  4 hound skeletons
  4 mummies (Ossuary)
  Robin (D:3)
  19 gnolls
  11 adders
  20 river rats
  2 shadow imps
  A white imp (Orc:2)
  An adder skeleton (D:6)
  2 worms (D:3)
  A dart slug (D:5)
  6 giant geckos
  38 orcs
  2 ball pythons
  5 giant cockroaches
  10 hobgoblins
  16 jackals
  18 kobolds
  5 quokkas
  12 bats
  A giant gecko skeleton (D:5)
  3 giant newts
  17 goblins
  2 hobgoblin zombies (Ossuary)
  13 rats
  A fungus (Lair:1)
  3 plants
533 creatures vanquished.

Vanquished Creatures (collateral kills)
  A frost giant (Depths:1)
  An orc warlord (Orc:2)
  6 very ugly things (Depths:1)
  3 spark wasps (Depths:1)
  An ettin (Orc:2)
  A merfolk impaler (Shoals:1)
  An entropy weaver (Depths:1)
  A fire dragon (Depths:1)
  2 rakshasas (Depths:1)
  A merfolk aquamancer (Shoals:1)
  A centaur warrior (D:14)
  An ogre mage (D:15)
  Sonja (Lair:3)
  A wizard (D:13)
  A skeletal warrior (D:13)
  4 unseen horrors
  A sea snake (Shoals:1)
  4 deep trolls (Depths:1)
  An unseen horror (shapeshifter) (D:15)
  A sphinx zombie (Depths:1)
  A wolf spider zombie (D:15)
  2 orb spiders
  An orc knight (Orc:2)
  4 hill giants
  A necromancer (Depths:1)
  6 wolf spiders
  17 ugly things
  3 deep elf magi
  An orc sorcerer (Orc:2)
  2 manticores
  4 cyclopes
  A water nymph (Shoals:1)
  A torpor snail (Lair:3)
  3 centaur skeletons
  A spiny frog (Lair:4)
  A yaktaur zombie (Depths:1)
  A komodo dragon (D:14)
  2 demonic crawlers
  A golden dragon simulacrum (Depths:1)
  4 merfolk (Shoals:1)
  6 trolls
  12 jumping spiders
  A jumping spider (shapeshifter) (Depths:1)
  5 two-headed ogres
  A blink frog (Lair:2)
  3 slime creatures (Depths:1)
  2 snapping turtles (Shoals:1)
  An ice dragon skeleton (Depths:1)
  14 redbacks
  A deep troll skeleton (Depths:1)
  A shadow (D:14)
  3 tarantellas
  A centaur simulacrum (D:15)
  4 wraiths
  A wyvern (D:11)
  A fire elemental (D:12)
  13 yaks
  A water elemental (Shoals:1)
  A basilisk (D:13)
  2 hippogriffs
  2 soldier ants (D:12)
  A warg (Orc:2)
  2 water moccasins
  2 hell hounds (D:12)
  A giant eyeball (shapeshifter) (Depths:1)
  A tengu zombie (Depths:1)
  9 orc warriors
  A black bear (shapeshifter) (D:14)
  4 ice beasts
  A phantom (D:13)
  A sky beast (D:12)
  An eye of draining (shapeshifter) (D:13)
  A necrophage (D:11)
  A boggart (D:13)
  4 centaurs
  10 ogres
  2 big kobolds
  6 giant frogs
  4 gnoll sergeants (Bailey)
  A wyvern skeleton (D:14)
  5 killer bees (D:12)
  11 wights
  2 electric eels
  2 crimson imps
  A giant frog zombie (D:12)
  A hound (D:13)
  5 orc wizards
  2 gnoll shamans (Bailey)
  5 orc priests (Orc:2)
  2 giant frog skeletons (D:13)
  An iron imp (Orc:2)
  A worker ant (D:9)
  5 sheep
  4 gnolls (Bailey)
  12 river rats
  2 shadow imps
  19 orcs
  3 jackals
  A quokka (D:12)
  A goblin (D:10)
  3 kobolds (D:12)
  2 fungi
  2 plants (Shoals:1)
312 creatures vanquished.

Vanquished Creatures (others)
  3 orc knights
  An orc high priest (Orc:2)
  An orc sorcerer (D:14)
  15 orc warriors
  A jumping spider (Spider:1)
  2 slaves (D:5)
  A crimson imp (Orc:2)
  10 orc priests
  12 orc wizards
  Natasha (twice) (D:4)
  An iguana (D:4)
  A worker ant (D:10)
  An adder (D:5)
  A shadow imp (D:11)
  A worm (D:5)
  85 orcs
  2 fungi
  A plant (Shoals:1)
141 creatures vanquished.

Grand Total: 986 creatures vanquished

Notes
Turn   | Place    | Note
--------------------------------------------------------------
     0 | D:1      | golgol the Hill Orc Fighter began the quest for the Orb.
     0 | D:1      | Reached XP level 1. HP: 19/19 MP: 1/1
   169 | D:1      | Reached XP level 2. HP: 27/27 MP: 2/2
   819 | D:2      | Reached XP level 3. HP: 33/33 MP: 3/3
  1188 | D:2      | Reached XP level 4. HP: 36/40 MP: 4/4
  1333 | D:3      | Noticed oldnick's ghost (weakling DEWz)
  1343 | D:3      | Killed oldnick's ghost
  1343 | D:3      | Reached skill level 1 in Dodging
  1512 | D:3      | Noticed Crazy Yiuf
  1519 | D:3      | HP: 2/41 [poisoned by Crazy Yiuf]
  1533 | D:3      | Noticed Robin
  1552 | D:3      | Reached XP level 5. HP: 16/47 MP: 5/5
  1560 | D:3      | Killed Robin
  1639 | D:3      | Found a white marble altar of Elyvilon.
  1930 | D:3      | Noticed Grinder
  1951 | D:3      | HP: 2/47 [Grinder (4)]
  1953 | D:3      | Killed Grinder
  1953 | D:3      | Reached skill level 5 in Fighting
  1953 | D:3      | Reached skill level 1 in Stealth
  1953 | D:3      | Reached XP level 6. HP: 1/56 MP: 6/6
  2722 | D:3      | Killed Crazy Yiuf
  2941 | D:4      | Reached skill level 5 in Armour
  2941 | D:4      | Reached XP level 7. HP: 47/61 MP: 7/7
  3171 | D:4      | Found a deep blue altar of Sif Muna.
  3392 | D:4      | Noticed Duvessa
  3397 | D:4      | Became a worshipper of Beogh the Brigand
  3401 | D:4      | Noticed Dowan
  3420 | D:4      | Killed Dowan
  3426 | D:4      | Killed Duvessa
  3655 | D:4      | Found a staircase to the Ecumenical Temple.
  3704 | D:4      | Reached skill level 1 in Invocations
  3838 | D:4      | Noticed Natasha
  3853 | D:4      | Killed Natasha
  3887 | D:4      | Killed Natasha
  3902 | D:4      | Killed Natasha
  3913 | D:4      | Found a radiant altar of Vehumet.
  3914 | D:4      | Found a burning altar of Makhleb.
  3949 | D:4      | Reached skill level 5 in Axes
  4192 | D:5      | Entered Level 5 of the Dungeon
  4197 | D:5      | Reached XP level 8. HP: 71/71 MP: 8/8
  4276 | D:5      | Noticed Pikel
  4296 | D:5      | Killed Pikel
  4296 | D:5      | Reached skill level 2 in Long Blades
  4296 | D:5      | Reached skill level 5 in Shields
  4617 | D:5      | Reached XP level 9. HP: 56/79 MP: 11/11
  4661 | D:5      | Noticed Prince Ribbit
  4672 | D:5      | Killed Prince Ribbit
  4777 | D:5      | Found a shadowy altar of Dithmenos.
  4777 | D:5      | Found a sparkling altar of Nemelex Xobeh.
  4877 | D:5      | Noticed Menkaure
  4886 | D:5      | Killed Menkaure
  4886 | D:5      | Reached skill level 3 in Long Blades
  5203 | D:5      | Got a twisted scale mail
  5233 | D:5      | Identified the +5 scale mail of Untruth {*Corrode rF+ Str+2 Dex+4} (You found it on level 5 of the Dungeon)
  5368 | D:6      | Reached * piety under Beogh
  5551 | D:6      | Found Jouva's Gadget Shop.
  5554 | D:6      | Bought an ornate deck of changes for 280 gold pieces
  5561 | D:6      | Drew Focus: Str increased to 20, Int decreased to 7
  5696 | D:6      | Found a bloodstained altar of Trog.
  6028 | D:7      | Reached ** piety under Beogh
  6040 | D:7      | Found a stormy altar of Qazlal.
  6387 | D:7      | Found a snail-covered altar of Cheibriados.
  6478 | D:7      | Reached skill level 4 in Long Blades
  6964 | D:8      | Reached XP level 10. HP: 82/88 MP: 13/13
  6984 | D:8      | Reached skill level 5 in Invocations
  7076 | D:8      | Found Fuiv's Gadget Shop.
  7087 | D:8      | Found a staircase to the Lair.
  7101 | D:8      | Reached skill level 1 in Polearms
  7116 | D:8      | Found a sand-covered staircase.
  7125 | Ossuary  | Entered an ossuary
  7181 | Ossuary  | Reached *** piety under Beogh
  8070 | Lair:1   | Entered Level 1 of the Lair of Beasts
  8080 | Lair:1   | Reached **** piety under Beogh
  8175 | Lair:1   | Noticed UndeadYoungAthlete's ghost (novice MfSk)
  8199 | Lair:1   | Killed UndeadYoungAthlete's ghost
  8377 | Lair:1   | Noticed a black mamba
  8382 | Lair:1   | Killed a black mamba
  8397 | Lair:1   | Noticed a spiny frog
  8409 | Lair:1   | Killed a spiny frog
  8409 | Lair:1   | Reached XP level 11. HP: 88/97 MP: 16/16
  8729 | Lair:2   | Got a polished long sword
  8733 | Lair:2   | Identified the +9 long sword of Noon {elec, rPois Stlth+} (You found it on level 2 of the Lair of Beasts)
  8864 | Lair:2   | Reached skill level 5 in Dodging
  8866 | Lair:2   | Reached skill level 1 in Evocations
  9013 | Lair:2   | Reached ***** piety under Beogh
  9136 | Lair:2   | Reached skill level 5 in Long Blades
  9146 | Lair:2   | Gained Herok as an ally
  9444 | Lair:2   | Noticed an oklob plant
  9600 | Lair:2   | Noticed an eight-headed hydra
  9609 | Lair:2   | Killed a five-headed hydra
  9819 | Lair:3   | Noticed Sonja
  9827 | Lair:3   | Killed Sonja
 10066 | Lair:3   | Upgraded the game from 0.18-b1-22-ge198996 to 0.18.1-5-g4a78601
 10327 | Lair:3   | Noticed a death yak
 10327 | Lair:3   | Noticed a death yak
 10335 | Lair:3   | Killed a death yak
 10340 | Lair:3   | Killed a death yak
 10340 | Lair:3   | Reached skill level 6 in Long Blades
 10340 | Lair:3   | Reached XP level 12. HP: 28/106 MP: 14/17
 10772 | Lair:3   | Noticed a death yak
 10772 | Lair:3   | Noticed a death yak
 10773 | Lair:3   | Noticed a death yak
 10774 | Lair:3   | Noticed a death yak
 10778 | Lair:3   | Noticed a death yak
 10779 | Lair:3   | Noticed a death yak
 10793 | Lair:3   | Your ally Herok died
 10796 | Lair:3   | Killed a death yak
 10804 | Lair:3   | Killed a death yak
 10804 | Lair:3   | Reached skill level 10 in Armour
 10814 | Lair:3   | Killed a death yak
 10814 | Lair:3   | Reached skill level 10 in Fighting
 10823 | Lair:3   | Killed a death yak
 10823 | Lair:3   | Reached skill level 7 in Long Blades
 10830 | Lair:3   | Killed a death yak
 10843 | Lair:3   | Killed a death yak
 11187 | Lair:3   | Found a staircase to the Shoals.
 11196 | Lair:3   | Gained Brandogh as an ally
 11455 | Lair:4   | Noticed Josephine
 11636 | Lair:4   | Got a faintly glowing trident
 11641 | Lair:4   | Reached skill level 1 in Throwing
 11643 | Lair:4   | Identified the +3 trident of Dyst {drain, *Confuse rN+ MR+++} (You found it on level 4 of the Lair of Beasts)
 11712 | Lair:4   | Killed Josephine
 11712 | Lair:4   | Reached skill level 8 in Long Blades
 12182 | Lair:4   | Found a hole to the Spider Nest.
 12205 | Spider:1 | Entered Level 1 of the Spider Nest
 12228 | Spider:1 | Reached skill level 9 in Long Blades
 12431 | Spider:1 | Reached XP level 13. HP: 114/114 MP: 18/18
 12858 | Spider:1 | Reached skill level 10 in Shields
 12983 | Spider:1 | Reached skill level 10 in Long Blades
 12988 | Spider:1 | Found a roughly hewn altar of Beogh.
 13016 | Spider:1 | Got a faintly glowing trident
 13020 | Spider:1 | Identified the cursed +0 trident of Fulumo {elec, -Tele MR++ Str+3 SInv} (You found it on level 1 of the Spider Nest)
 13170 | Spider:2 | Reached ****** piety under Beogh
 13705 | Spider:2 | Your ally Brandogh died
 13918 | Shoals:1 | Entered Level 1 of the Shoals
 13967 | Shoals:1 | Noticed a merfolk impaler
 13978 | Shoals:1 | Killed a merfolk impaler
 14014 | Shoals:1 | Noticed Frances
 14015 | Shoals:1 | Found Veiloquj's Distillery.
 14024 | Shoals:1 | Killed Frances
 14024 | Shoals:1 | Reached skill level 11 in Long Blades
 14053 | Shoals:1 | Got an encrusted ring mail
 14060 | Shoals:1 | Bought a potion of beneficial mutation for 455 gold pieces
 14060 | Shoals:1 | Bought a potion of heal wounds for 65 gold pieces
 14065 | Shoals:1 | Gained mutation: You have a pair of small horns on your head. [potion of beneficial mutation]
 14109 | Shoals:1 | Found a shadowy altar of Dithmenos.
 14406 | Shoals:1 | Identified the +4 ring mail "Weakhlorph" {*Corrode +Inv rC+ Int+2} (You found it on level 1 of the Shoals)
 14554 | Shoals:1 | HP: 5/116 [cyclops/large rock (17)]
 14588 | Shoals:1 | Reached XP level 14. HP: 59/124 MP: 19/19
 15487 | D:9      | Gained mutation: You are partially covered in rough black scales (AC +4, Dex -1). [potion of beneficial mutation]
 15542 | D:9      | Gained mutation: You are robust (+10% HP). [mutagenic meat]
 15543 | D:9      | Gained mutation: You regenerate slowly when monsters are visible. [mutagenic meat]
 15544 | D:9      | Gained mutation: You are resistant to hostile enchantments. [mutagenic meat]
 15545 | D:9      | Gained mutation: Your skin changes colour to match your surroundings (Stealth). [mutagenic meat]
 15546 | D:9      | Gained mutation: You are resistant to electric shocks. [mutagenic meat]
 15555 | D:9      | Lost mutation: You are resistant to hostile enchantments. [potion of cure mutation]
 15555 | D:9      | Lost mutation: You are resistant to electric shocks. [potion of cure mutation]
 15555 | D:9      | Lost mutation: You regenerate slowly when monsters are visible. [potion of cure mutation]
 15659 | D:10     | Entered Level 10 of the Dungeon
 15729 | D:10     | Noticed Erolcha
 15741 | D:10     | Killed Erolcha
 15741 | D:10     | Reached skill level 12 in Long Blades
 15781 | D:10     | Noticed Fannar
 15795 | D:10     | Killed Fannar
 16065 | D:10     | Found a flagged portal.
 16126 | Bailey   | Entered a bailey
 16271 | Bailey   | Gained mutation: You tend to lose your temper in combat. [potion of mutation]
 16271 | Bailey   | Gained mutation: You possess an exceptional clarity of mind. [potion of mutation]
 16319 | Bailey   | Gained Boruk as an ally
 16337 | Bailey   | Got a scorched great sword {freeze}
 16344 | Bailey   | Identified the cursed +1 great sword "Tuttiub" {freeze, rPois} (You took it off a gnoll shaman in a bailey)
 17025 | D:10     | Noticed Urug
 17682 | D:11     | Noticed Erica
 17688 | D:11     | Killed Erica
 18237 | D:11     | Gained Jorge as an ally
 18755 | D:12     | Gained Horkud as an ally
 18858 | D:12     | Found a staircase to the Orcish Mines.
 18920 | Orc:1    | Entered Level 1 of the Orcish Mines
 19682 | Orc:2    | Entered Level 2 of the Orcish Mines
 19706 | Orc:2    | Gained Milork as an ally
 19730 | Orc:2    | Noticed an orc warlord
 19737 | Orc:2    | Killed an orc warlord
 19757 | Orc:2    | Found Jussono's Antique Weapon Boutique.
 19758 | Orc:2    | Found a roughly hewn altar of Beogh.
 19765 | Orc:2    | Found Zuiguoc's Antique Armour Shop.
 19792 | Orc:2    | Bought a glowing war axe for 59 gold pieces
 19792 | Orc:2    | Bought a runed halberd for 68 gold pieces
 19792 | Orc:2    | Bought a glowing great sword for 110 gold pieces
 19879 | Orc:2    | Found a roughly hewn altar of Beogh.
 20025 | Orc:2    | Found a roughly hewn altar of Beogh.
 20028 | Orc:2    | Found Izogh's Assorted Antiques.
 20038 | Orc:2    | Bought a potion of heal wounds for 135 gold pieces
 20068 | Orc:2    | Found a staircase to the Elven Halls.
 20072 | Orc:2    | Found a roughly hewn altar of Beogh.
 20099 | Orc:2    | Found Acvuotan's Antique Armour Shop.
 20120 | Orc:2    | Found a roughly hewn altar of Beogh.
 20331 | Orc:2    | Found a roughly hewn altar of Beogh.
 20453 | Orc:2    | Your ally Milork died
 20709 | Orc:2    | Found Baolioxi's Magic Scroll Emporium.
 20718 | Orc:2    | Bought a scroll of acquirement for 728 gold pieces
 20718 | Orc:2    | Bought a scroll of identify for 28 gold pieces
 20718 | Orc:2    | Bought a scroll of identify for 28 gold pieces
 20718 | Orc:2    | Bought a scroll of teleportation for 42 gold pieces
 20718 | Orc:2    | Bought a scroll of teleportation for 42 gold pieces
 20718 | Orc:2    | Bought a scroll of identify for 28 gold pieces
 20718 | Orc:2    | Bought a scroll of identify for 28 gold pieces
 20718 | Orc:2    | Bought a scroll of identify for 28 gold pieces
 20724 | Orc:2    | Got a scorched hat
 20730 | Orc:2    | Identified the +5 hat of the Furies {+Inv Regen+ Dex+3} (You acquired it on level 2 of the Orcish Mines)
 20906 | D:12     | Drew Focus: Str increased to 22, Int decreased to 6
 20907 | D:12     | Hired Qant the big kobold for 98 gold.
 21342 | D:12     | Noticed Azrael
 21347 | D:12     | Gained Ogrik as an ally
 21382 | D:12     | Killed Azrael
 21384 | D:12     | Reached skill level 13 in Long Blades
 21484 | D:12     | Gained Bogwald as an ally
 21820 | D:12     | Got a steaming ring mail
 21831 | D:12     | Identified the +0 ring mail of Ytonyuj {rN+ Dex+6} (You found it on level 12 of the Dungeon)
 22032 | D:13     | Gained Worak as an ally
 22034 | D:13     | Found a gate to the Vaults.
 22046 | D:13     | Your ally Bogwald died
 22839 | D:13     | Found a sparkling altar of Nemelex Xobeh.
 22976 | D:13     | Reached XP level 15. HP: 145/145 MP: 20/20
 24060 | D:14     | Reached XP level 16. HP: 152/152 MP: 21/21
 24984 | D:15     | Entered Level 15 of the Dungeon
 25032 | D:15     | Found Idghe Udu's Book Boutique.
 25224 | D:15     | Found a staircase to the Depths.
 25889 | Depths:1 | Entered Level 1 of the Depths
 26213 | Depths:1 | Reached skill level 14 in Long Blades
 26307 | Depths:1 | Noticed a sphinx
 26315 | Depths:1 | a sphinx changed into a frost giant
 26447 | Depths:1 | Found a gateway to Hell.
 26677 | Depths:1 | Demolished by a titanic slime creature

Skill      XL: |  1  2  3  4  5  6  7  8  9 10 11 12 13 14 15 16 |
---------------+-------------------------------------------------+-----
Fighting       | 4 5 6 7 8 9 10 11 12 | 12.6
Shields        | 4 5 6 7 8 9 10 11 12 | 12.6
Axes           | 3 4 5 7 |  7.3
Dodging        | 1 2 3 4 5 6 7 8 9 |  9.1
Armour         | 4 5 6 8 9 10 11 12 | 12.8
Stealth        | 1 2 |  2.4
Invocations    | 1 3 4 6 7 9 |  9.3
Long Blades    | 2 4 6 9 11 13 14 | 14.1
Polearms       | 3 4 |  4.0
Evocations     | 3 4 7 8 |  8.7
Throwing       | 1 |  1.0

Action                   |  1- 3 |  4- 6 |  7- 9 | 10-12 | 13-15 | 16-18 || total
-------------------------+-------+-------+-------+-------+-------+-------++-------
Melee: War axe           |   118 |   127 |    97 |   252 |     1 |       ||   595
       Long sword        |       |       |    27 |   271 |   628 |   146 ||  1072
       Spear             |       |       |   266 |       |       |       ||   266
       Headbutt          |       |       |       |       |   126 |    64 ||   190
Throw: Stone             |       |       |     2 |       |       |       ||     2
       Tomahawk          |       |       |     5 |       |       |       ||     5
       Throwing net      |       |       |       |    11 |       |       ||    11
Invok: Convert to Beogh  |       |       |     1 |       |       |       ||     1
       Smiting           |       |       |       |     6 |     1 |     1 ||     8
       Give Item to Name |       |       |       |     1 |     8 |       ||     9
       Recall Orcish Fol |       |       |       |     1 |     5 |     2 ||     8
       Resurrection      |       |       |       |       |     1 |       ||     1
       Stop Recall       |       |       |       |       |     1 |       ||     1
Evoke: Deck              |       |       |     6 |       |     4 |       ||    10
       Wand              |       |       |       |     1 |     3 |     3 ||     7
       Fan of gales      |       |       |       |     1 |       |       ||     1
  Use: Potion            |       |    11 |       |     4 |    22 |     3 ||    40
       Scroll            |       |       |     3 |    18 |    12 |     1 ||    34
 Stab: Invisible         |       |     4 |       |       |       |       ||     4
       Distracted        |       |       |       |     2 |     6 |     2 ||    10
       Held in net/web   |       |       |       |     3 |       |       ||     3
       Sleeping          |       |       |       |     1 |    14 |     1 ||    16
  Eat: Chunk             |     1 |     5 |     2 |       |     5 |       ||    13
       Fruit             |       |     2 |       |     6 |       |       ||     8
       Meat ration       |       |       |     3 |     2 |     4 |     1 ||    10
       Pizza             |       |       |       |     2 |     1 |     1 ||     4
       Beef jerky        |       |       |       |       |     4 |       ||     4
       Bread ration      |       |       |       |       |     3 |     1 ||     4
Armor: Scale mail        |    58 |    44 |   113 |   174 |   174 |       ||   563
       Ring mail         |       |       |       |       |    16 |    44 ||    60
Dodge: Dodged            |    45 |    30 |   139 |   330 |   385 |   109 ||  1038
Block: Shield            |    70 |    61 |   215 |   346 |   475 |   125 ||  1292
